AoeStats
← Der Sprudel

MegaRandom

506811169Analyzed
3v3 RM · 17d ago on Sep 15, 2026· 35m 51s· 6 players
Game mode
Random Map
Map size
Normal (6 player)
Population
200
Speed
Normal
Resources
Standard
Victory
Conquest
Starting age
Dark Age
Ending age
Imperial Age
RankedLock teamsTeams togetherTeam positionsShared explorationLock speedFull tech treeHidden civsTurbo modeCheats
Victory
Defeat
🇦🇷 Italians · Argentina
1287
+15
🇺🇸 Mongols · United States
1240
+17
🇵🇹 Byzantines · Portugal
1233
+17
🇩🇪 Persians · Germany
1274
-17
🇮🇹 Goths · Italy
1268
-16
🇩🇪 Britons · Germany
1244
-16
Dagoth_Ur
1:09 Loom
9:40 Feudal Age
9:43 Man-at-Arms
13:48 Scale Mail Armor
25:08 Castle Age
25:18 Long Swordsman
26:11 Forging
26:17 Chain Mail Armor
26:27 Squires
27:30 Pikeman
28:11 Elite Skirmisher
33:28 Fletching
33:39 Padded Archer Armor
Der Sprudel
6:24 Loom
10:50 Feudal Age
14:59 Castle Age
12:56 Double-Bit Axe
12:54 Horse Collar
24:06 Scale Barding Armor
25:37 Gold Mining
27:37 Forging
28:29 Wheelbarrow
31:54 Chain Barding Armor
32:13 Fletching
33:31 Town Watch
34:01 Hand Cart
Eule_Keule
10:09 Feudal Age
8:27 Loom
10:42 Double-Bit Axe
14:09 Horse Collar
16:50 Fletching
23:04 Castle Age
22:22 Gold Mining
23:27 Padded Archer Armor
23:14 Crossbowman
26:07 Ballistics
26:15 Bodkin Arrow
28:03 Leather Archer Armor
33:52 Imperial Age
32:24 Wheelbarrow
31:35 Town Watch
Massarock
0:26 Loom
11:49 Feudal Age
16:08 Scale Barding Armor
19:56 Castle Age
19:01 Padded Archer Armor
22:35 Wheelbarrow
21:47 Double-Bit Axe
21:44 Horse Collar
23:24 Gold Mining
25:16 Fletching
24:56 Elite Skirmisher
32:21 Forging
33:03 Bodkin Arrow
35:50 Bow Saw
36:22 Chain Barding Armor
Mourning Wood
9:14 Feudal Age
13:03 Horse Collar
17:27 Loom
17:46 Double-Bit Axe
20:35 Bloodlines
21:34 Wheelbarrow
21:52 Scale Barding Armor
21:58 Forging
25:34 Castle Age
25:45 Light Cavalry
26:38 Husbandry
27:44 Chain Barding Armor
27:59 Iron Casting
28:14 Iron Casting
34:07 Heavy Plow
MiNaToS 4to
6:39 Loom
8:55 Feudal Age
11:03 Double-Bit Axe
14:25 Horse Collar
22:30 Castle Age
27:01 Fletching
31:23 Bodkin Arrow
35:59 Padded Archer Armor
Connection lost

Rejoining the realm…

Still unreachable

The connection could not be restored.

Session expired

The server has moved on; the page needs a fresh start.